 Dungeon Crawl Stone Soup version 0.29.1-2-gbd0b4ee654 (webtiles) character file.

Game seed: 13130020334877155603

14903 qeuew the Marksspriggan (level 11, -10/49 HPs)
             Began as a Spriggan Hunter on Nov 5, 2022.
             Was a Priest of Dithmenos.
             Mangled by a dream sheep (25 damage)
             ... on level 3 of the Lair of Beasts.
             The game lasted 00:29:46 (8405 turns).

qeuew the Marksspriggan (Spriggan Hunter)           Turns: 8405, Time: 00:29:47

Health: -10/49     AC: 10    Str:  6    XL:     11   Next: 94%
Magic:  12/12      EV:  4    Int: 14    God:    Dithmenos [***...]
Gold:   760        SH:  0    Dex: 23    Spells: 10/10 levels left

rFire   . . .      SeeInvis +   b - +0 arbalest (elec)
rCold   + . .      Faith    .   (shield currently unavailable)
rNeg    . . .      Spirit   .   c - +1 robe
rPois   .          Reflect  .   (helmet restricted)
rElec   .          Harm     .   (no cloak)
rCorr   +          Rampage  .   (gloves unavailable)
Will    +....                   (boots unavailable)
Stlth   ++++++++..              e - amulet of regeneration
HPRegen 0.96/turn               a - +4 ring of protection
MPRegen 0.13/turn               l - ring of resist corrosion

@: sleeping, wreathed by umbra, studying 2 skills, very quick
A: very small, no large weapons, unfitting armour, see invisible, speed 3,
iridescent scales 2, clever 1, cold resistance 1, deformed body
a: Renounce Religion, Shadow Step


You were on level 3 of the Lair of Beasts.
You worshipped Dithmenos.
Dithmenos was most pleased with you.
You visited 3 branches of the dungeon, and saw 12 of its levels.
You also visited: Ossuary.

You collected 760 gold pieces.

Inventory:

Hand Weapons
 b - a +0 arbalest of electrocution (weapon)
 i - a +2 dagger of venom
Armour
 c - a +1 robe (worn)
Jewellery
 a - a +4 ring of protection (left hand)
 e - an amulet of regeneration (around neck)
 l - a ring of resist corrosion (right hand)
 s - a ring of willpower
 y - a +4 ring of evasion
Wands
 o - a wand of charming (6)
 q - a wand of roots (10)
 r - a wand of flame (21)
Scrolls
 h - 4 scrolls of teleportation
 m - a scroll of enchant armour
 p - 2 scrolls of blinking
 v - a scroll of amnesia
 z - a scroll of magic mapping
Potions
 d - a potion of resistance
 f - 9 potions of curing
 g - 3 potions of haste
 j - 2 potions of might
 k - a potion of flight
 n - a potion of invisibility
 u - 2 potions of heal wounds


   Skills:
 - Level 1.5 Fighting
 * Level 8.2 Short Blades
 + Level 15.7 Ranged Weapons
 * Level 11.6 Dodging
 * Level 12.2 Stealth


You had 10 spell levels left.
You didn't know any spells.
Your spell library contained the following spells:

 Spells                   Type           Power      Damage    Failure   Level
 Shock                    Conj/Air       0%         1d3       28%         1
 Scorch                   Fire           0%         2d5       41%         2
 Call Canine Familiar     Summ           0%         N/A       65%         3
 Ignite Poison            Fire/Tmut/Pois 0%         N/A       65%         3
 Mephitic Cloud           Conj/Pois/Air  0%         N/A       65%         3
 Portal Projectile        Hex/Tloc       0%         N/A       65%         3
 Swiftness                Air            0%         N/A       65%         3
 Airstrike                Air            0%         2d(0-16)  96%         4
 Flame Wave               Conj/Fire      0%         2d4       96%         4
 Leda's Liquefaction      Hex/Erth       0%         N/A       96%         4
 Freezing Cloud           Conj/Ice/Air   0%         6-21      100%        5
 Summon Cactus Giant      Summ           0%         N/A       100%        6


Dungeon Overview and Level Annotations

Branches:
Dungeon (8/15)             Temple (1/1) D:5            Lair (3/5) D:8
 Shoals (0/4) Lair:3       Spider (0/4) Lair:3      Ossuary (visited)

Altars:
Ashenzari
Dithmenos
Fedhas
Gozag
Nemelex Xobeh
Okawaru
Uskayaw
Wu Jian
Xom
Yredelemnul
Zin
The Shining One
Ignis
Lugonu

Shops:
D:3 (

Portals:
Abyss: D:3 D:5

Annotations:
D:3 2 transporters, GloriousHammer's ghost, amateur NaVM


Innate Abilities, Weirdness & Mutations

You are very small and have problems with some larger weapons.
You are too small for most types of armour.
You have supernaturally acute eyesight. (SInv)
You cover ground extremely quickly. (Speed+++)
You are mostly covered in iridescent scales. (AC +4)
Your mind is acute. (Int +4, Str/Dex -1)
Your flesh is cold resistant. (rC+)
Armour fits poorly on your strangely shaped body.


Message History

You shoot a bolt. The bolt hits the dream sheep!
You kill the dream sheep!
Dithmenos accepts your kill.
The dream sheep completely misses you. x2
You shoot a bolt. The bolt hits the dream sheep!
The dream sheep is moderately wounded.
The dream sheep ruffle their wool and motes of dream dust sparkle, to no effect.
The dream sheep completely misses you.
You shoot a bolt. The bolt barely misses the dream sheep.
The bolt hits the cane toad!
The cane toad is moderately wounded.
The dream sheep bites you. The dream sheep bites you!
You are too injured to fight recklessly!
You are too injured to fight recklessly!
You are too injured to fight recklessly!
Unknown command.
You are too injured to fight recklessly!
You are too injured to fight recklessly!
Fire: b) +0 arbalest (elec)
Press: ? - help, Q - select action, (/) - cycle Shift-Dir - straight line, f/p - dream sheep
Aim: a dream sheep (moderately wounded, umbra, 66% to hit)
You shoot a bolt. The bolt hits the dream sheep!
The dream sheep is almost dead.
The dream sheep bites you. The dream sheep completely misses you.
Fire: b) +0 arbalest (elec)
Press: ? - help, Q - select action, (/) - cycle Shift-Dir - straight line, f/p - dream sheep
Aim: a dream sheep (almost dead, umbra, 66% to hit)
You shoot a bolt. The bolt barely misses the dream sheep.
The dream sheep barely misses you. The dream sheep bites you.
* * * LOW HITPOINT WARNING * * *
Fire: b) +0 arbalest (elec)
Press: ? - help, Q - select action, (/) - cycle Shift-Dir - straight line, f/p - dream sheep
Aim: a dream sheep (almost dead, umbra, 66% to hit)
You shoot a bolt.
The bolt closely misses the dream sheep.
The dream sheep shake their wool and sparkle.
You feel drowsy...
You fall asleep.
The dream sheep bites you!!
Ouch! That really hurt!
You die...

...# #.....### ..##
#......## ...# ..##
#.......## .... ...#
###......# ..... ...#
##...>.# ....# ..####
##.....### .....#
.....#.#........##.....#
..)...###........Y.....#
.......###......@Y..?...
.......# #.......F.....#
.<....## #.............#
.......# #..............
##.##### #.####.#####?##
### ## ### # ########


You could see a cane toad and 2 dream sheep.

Vanquished Creatures
  Nessos (Lair:3)
  A hydra (Lair:2)
  3 oklob plants (Lair:2)
  3 cane toads
  A gargoyle (D:7)
  A kobold demonologist (D:8)
  3 komodo dragons
  A polar bear (Lair:2)
  8 blink frogs (Lair:2)
  A hornet (D:8)
  3 dream sheep (Lair:3)
  A wraith (Ossuary)
  20 yaks
  A basilisk (Lair:2)
  A steam dragon (Lair:3)
  6 water moccasins
  A floating eye (Lair:2)
  2 black bears
  2 ice beasts
  An orc warrior (D:7)
  2 sky beasts
  2 ogres
  2 centaurs
  A phantom (D:6)
  5 bullfrogs
  3 kobold brigands
  2 necrophages
  9 scorpions
  A gnoll sergeant (D:4)
  3 wights (D:7)
  6 killer bees
  A bullfrog zombie (Ossuary)
  4 centaur zombies (Ossuary)
  A gnoll bouda (D:6)
  2 orc priests
  A hound (D:6)
  4 jellies
  6 orc wizards
  2 scorpion zombies (Ossuary)
  7 iguanas
  An ogre zombie (Ossuary)
  5 gnolls
  12 adders
  2 shadow imps
  2 white imps
  2 ufetubi
  An adder zombie (Ossuary)
  2 worms (D:3)
  2 dart slugs
  31 orcs
  4 ball pythons
  10 endoplasms
  7 giant cockroaches
  2 gnoll zombies (Ossuary)
  5 goblins
  4 hobgoblins
  10 jackals
  5 quokkas
  6 bats
  5 goblin zombies (Ossuary)
  3 hobgoblin zombies (Ossuary)
  11 kobolds
  4 orc zombies (Ossuary)
  10 rats
271 creatures vanquished.

Vanquished Creatures (others)
  2 fungi
  48 plants
50 creatures vanquished.

Grand Total: 321 creatures vanquished

Notes
Turn   | Place    | Note
-------+----------+-------------------------------------------
     0 | D:1      | qeuew the Spriggan Hunter began the quest for the Orb.
     0 | D:1      | Reached XP level 1. HP: 10/10 MP: 2/2
    51 | D:1      | Found a faded altar of an unknown god.
    57 | D:1      | You fall into a shaft and drop 1 floor!
    90 | D:2      | Reached XP level 2. HP: 12/14 MP: 3/3
   322 | D:1      | Reached XP level 3. HP: 18/18 MP: 4/4
   795 | D:2      | Reached skill level 1 in Short Blades
  1203 | D:2      | Reached skill level 5 in Ranged Weapons
  1203 | D:2      | Reached XP level 4. HP: 22/22 MP: 5/5
  1545 | D:3      | Found a glowing silver altar of Zin.
  1594 | D:3      | Found Suon's Weapon Boutique.
  1687 | D:3      | Found a transporter.
  1694 | D:3      | Found a transporter.
  1770 | D:3      | Found a one-way gate to the infinite horrors of the Abyss.
  1770 | D:3      | Noticed GloriousHammer's ghost (amateur NaVM)
  1771 | D:3      | Noticed a kobold brigand
  1895 | D:3      | Found a sparkling altar of Nemelex Xobeh.
  2102 | D:4      | Reached XP level 5. HP: 16/25 MP: 6/6
  2253 | D:4      | Reached skill level 6 in Ranged Weapons
  2424 | D:4      | Reached XP level 6. HP: 30/30 MP: 7/7
  3007 | D:5      | Entered Level 5 of the Dungeon
  3025 | D:5      | Found a basalt altar of Yredelemnul.
  3034 | D:5      | Reached skill level 7 in Ranged Weapons
  3034 | D:5      | Reached XP level 7. HP: 33/33 MP: 8/8
  3062 | D:5      | Reached skill level 5 in Stealth
  3115 | D:5      | Found an ornate altar of the Wu Jian Council.
  3154 | D:5      | Reached skill level 5 in Dodging
  3186 | D:5      | Reached skill level 8 in Ranged Weapons
  3201 | D:5      | Reached XP level 8. HP: 27/37 MP: 9/9
  3322 | D:5      | Found a large runed translucent door.
  3322 | D:5      | Found a large runed translucent door.
  3327 | D:5      | Found a corrupted altar of Lugonu.
  3526 | D:5      | Found a staircase to the Ecumenical Temple.
  3566 | D:5      | Found a blossoming altar of Fedhas.
  3769 | Temple   | Entered the Ecumenical Temple
  3782 | Temple   | Became a worshipper of Dithmenos the Shadowed
  4111 | D:5      | Reached skill level 9 in Ranged Weapons
  4117 | D:5      | Reached XP level 9. HP: 41/41 MP: 10/10
  4181 | D:6      | Found a hide-covered altar of Uskayaw.
  4241 | D:6      | Reached skill level 10 in Ranged Weapons
  4254 | D:6      | Reached skill level 5 in Short Blades
  4612 | D:6      | Found an iron altar of Okawaru.
  4629 | D:6      | Reached * piety under Dithmenos
  4720 | D:6      | Reached skill level 11 in Ranged Weapons
  4753 | D:6      | Found a shimmering altar of Xom.
  4965 | D:7      | Noticed a gargoyle
  4969 | D:7      | Killed a gargoyle
  4970 | D:7      | Reached XP level 10. HP: 46/46 MP: 11/11
  5906 | D:8      | Gained mutation: You are clumsy. (Dex -2) [a neqoxec]
  5909 | D:8      | Gained mutation: Your body sometimes deteriorates upon
                  | taking damage. [a neqoxec]
  5912 | D:8      | Reached ** piety under Dithmenos
  6130 | D:8      | Found a sand-covered staircase.
  6136 | Ossuary  | Entered an ossuary
  6143 | Ossuary  | Reached skill level 10 in Stealth
  6329 | D:8      | Reached skill level 12 in Ranged Weapons
  6683 | D:8      | Identified the +2 ring mail of Devotion {Stlth+}
  6699 | D:8      | Reached skill level 10 in Dodging
  6708 | D:8      | Reached *** piety under Dithmenos
  6715 | D:8      | Found a staircase to the Lair.
  6732 | D:8      | Identified a scroll of acquirement
  6732 | D:8      | Acquired a manual of Ranged Weapons
  6746 | Lair:1   | Entered Level 1 of the Lair of Beasts
  7031 | Lair:1   | Noticed a cane toad
  7038 | Lair:1   | Killed a cane toad
  7039 | Lair:1   | Reached XP level 11. HP: 49/49 MP: 12/12
  7381 | Lair:1   | Lost mutation: You are clumsy. (Dex -2) [potion of
                  | mutation]
  7381 | Lair:1   | Lost mutation: Your body sometimes deteriorates upon taking
                  | damage. [potion of mutation]
  7381 | Lair:1   | Gained mutation: Armour fits poorly on your strangely
                  | shaped body. [potion of mutation]
  7381 | Lair:1   | Gained mutation: You occasionally lose the ability to drink
                  | potions when taking damage. [potion of mutation]
  7381 | Lair:1   | Gained mutation: You passively map a small area around you.
                  | [potion of mutation]
  7381 | Lair:1   | Gained mutation: Your mind is acute. (Int +4, Str/Dex -1)
                  | [potion of mutation]
  7382 | Lair:1   | Lost mutation: You passively map a small area around you.
                  | [potion of mutation]
  7382 | Lair:1   | Lost mutation: You occasionally lose the ability to drink
                  | potions when taking damage. [potion of mutation]
  7382 | Lair:1   | Gained mutation: You are partially covered in iridescent
                  | scales. (AC +2) [potion of mutation]
  7382 | Lair:1   | Gained mutation: You are mostly covered in iridescent
                  | scales. (AC +4) [potion of mutation]
  7382 | Lair:1   | Gained mutation: Your flesh is cold resistant. (rC+)
                  | [potion of mutation]
  7407 | Lair:2   | Reached skill level 13 in Ranged Weapons
  7747 | Lair:2   | Reached skill level 14 in Ranged Weapons
  7800 | Lair:2   | Noticed a five-headed hydra
  7823 | Lair:2   | Killed a five-headed hydra
  7892 | Lair:2   | Noticed an oklob plant
  7957 | Lair:2   | Noticed an oklob plant
  8089 | Lair:2   | Noticed an oklob plant
  8091 | Lair:2   | Killed an oklob plant
  8147 | Lair:2   | Killed an oklob plant
  8148 | Lair:2   | Reached skill level 15 in Ranged Weapons
  8158 | Lair:2   | Killed an oklob plant
  8211 | Lair:3   | Found a hole to the Spider Nest.
  8342 | Lair:3   | Noticed Nessos
  8349 | Lair:3   | Killed Nessos
  8376 | Lair:3   | Found a staircase to the Shoals.
  8405 | Lair:3   | Mangled by a dream sheep

Illustrated notes

Levels and vault maps discovered:
D:1:      mrwooster_arrival_arrow, layout_rooms,
          dreamdust_ecumenical_altar_statues, minivault_26
D:2:      layout_basic, minmay_misc_feat_nine_boxes
D:3:      layout_basic, mainiacjoe_overflow_cross_hatched,
          nemelex_spade_bored_becter, serial_shops,
          nicolae_shop_bloodbath_and_beyond, gammafunk_ghost_abyssal_escape
D:4:      layout_cave_pods, nicolae_kite_square_tiling_tiny,
          hangedman_glass_garden, minmay_circle_x
D:5:      due_chaos_kobolds, layout_loops_cross, kennysheep_mini,
          nicolae_wu_jian_glorious_leap, mainiacjoe_overflow_small_starburst,
          temple_fountains, hangedman_decor_growths,
          chequers_serial_rivers_large_a
D:6:      layout_gridville, eat_drink_and_be_merry_uskayaw,
          mainiacjoe_overflow_surrounded_room, xom_confusion_cloud, minivault_26
D:7:      layout_layer_cave, chequers_serial_rivers_micro_b
D:8:      layout_loops_ring, david_lair_shrubbed, nicolae_ossuary_entry_plus,
          minmay_manual_monstrance
Temple:   ebering_untended_altars
Lair:1:   layout_chaotic_city, columned_hall_lemuel
Lair:2:   layout_regular_city, disabler_island
Lair:3:   layout_cellular_growth, shoals_dummy_entry, spider_nest_entry_a,
          uniq_nessos

Skill      XL: |  1  2  3  4  5  6  7  8  9 10 11 |
---------------+----------------------------------+-----
Stealth        | 2 3 4 5 7 8 10 12 | 12.2
Dodging        | 3 4 5 7 8 10 11 | 11.6
Short Blades   | 1 2 3 4 5 7 8 |  8.2
Ranged Weapons | 5 6 7 8 9 11 12 15 | 15.7
Fighting       | |  1.5

Action                   |  1- 3 |  4- 6 |  7- 9 | 10-12 || total
-------------------------+-------+-------+-------+-------++-------
Melee: Dagger            |       |    20 |    31 |    30 ||    81
       Punch             |       |     2 |       |     1 ||     3
 Fire: Shortbow          |    74 |    27 |       |       ||   101
       Arbalest          |       |    84 |   196 |   348 ||   628
  Use: Scroll            |     3 |     4 |     4 |    11 ||    22
       Potion            |     3 |     4 |     1 |     2 ||    10
 Stab: Sleeping          |       |       |       |    14 ||    14
Armor: Robe              |     1 |     4 |    24 |    20 ||    49
Dodge: Dodged            |    18 |    52 |   210 |   319 ||   599
